 Dungeon Crawl Stone Soup version 0.26.0-16-gc1dbca0489 (webtiles) character file.

Game seed: 15457098204753318912

12 EnegeticOcto the Vexing (level 2, -2/14 HPs)
             Began as a Vine Stalker Arcane Marksman on Jan 19, 2021.
             Slain by a kobold
             ... wielding a +0 short sword
              (3 damage)
             ... on level 1 of the Dungeon.
             The game lasted 00:00:43 (142 turns).

EnegeticOcto the Vexing (VSAM)                       Turns: 142, Time: 00:00:44

Health: -2/14      AC:  2    Str: 12    XL:     2   Next: 33%
Magic:  0/4        EV: 12    Int: 13    God:
Gold:   11         SH:  0    Dex: 14    Spells: 2/3 levels left

rFire    . . .     SeeInvis .   a - +0 hand crossbow
rCold    . . .     Faith    .   (no shield)
rNeg     . . .     Spirit   +   e - +0 robe
rPois    .         Reflect  .   (no helmet)
rElec    .         Harm     .   (no cloak)
rCorr    .         Rampage  .   (no gloves)
Will     .....                  (no boots)
Stlth    +.........             (no amulet)
HPRegen  0.04/turn              (no ring)
MPRegen  0.09/turn              (no ring)

@: no status effects
A: fangs 2, magic shield, antimagic bite, no potion heal 3
a: no special abilities


You were on level 1 of the Dungeon.
You visited 1 branch of the dungeon, and saw 1 of its levels.

You collected 11 gold pieces.

Inventory:

Hand Weapons
 a - a +0 hand crossbow (weapon)
Missiles
 d - 17 bolts (quivered ammo)
Armour
 e - a +0 robe (worn)


   Skills:
 - Level 0.8 Fighting
 + Level 2.6 Crossbows
 - Level 1.5 Dodging
 - Level 1.1 Spellcasting
 - Level 3.0 Hexes


You had 2 spell levels left.
You knew the following spells:

 Your Spells              Type           Power        Failure   Level
a - Corona                Hex            8%           9%          1

Your spell library contained the following spells:

 Spells                   Type           Power        Failure   Level
 Slow                     Hex            8%           12%         2
 Inner Flame              Hex/Fire       4%           41%         3
 Portal Projectile        Hex/Tloc       8%           41%         3
 Cause Fear               Hex            4%           63%         4
 Leda's Liquefaction      Hex/Erth       2%           83%         4


Dungeon Overview and Level Annotations

Branches:
Dungeon (1/15)

Altars:


Innate Abilities, Weirdness & Mutations

You have extremely sharp teeth.
When hurt, damage is shared between your health and your magic reserves.
Your bite disrupts and absorbs the magic of your enemies.
Potions cannot restore your health.


Message History

You see here a +0 dagger.
d - 20 bolts (gained 2)
A rat comes into view.
The rat moves out of view.
There is a stone staircase leading down here.
Found 15 bolts and 11 gold pieces.
A rat is nearby!
You shoot a bolt. The bolt hits the rat.
You kill the rat!
No target in view!
d - 20 bolts (gained 1)
d - 35 bolts (gained 15)
A goblin comes into view. It is wielding a +0 dagger.
You see here 11 gold pieces.
A goblin is nearby!
You shoot a bolt. The bolt hits the goblin.
The goblin is moderately wounded.
The goblin throws a stone.
The stone hits you.
The goblin throws a stone.
The stone barely misses you.
You shoot a bolt. The bolt hits the goblin!
You kill the goblin!
Magic restored.
You now have 11 gold pieces.
You see here 2 stones.
A giant cockroach comes into view.
Found a silvery potion.
A giant cockroach is nearby!
You shoot a bolt. The bolt hits the giant cockroach!
You kill the giant cockroach!
You have reached level 2!
A dart slug comes into view.
A dart slug is nearby!
A dart slug is nearby!
You shoot a bolt. The bolt hits the dart slug.
The dart slug is lightly wounded.
You shoot a bolt. The bolt hits the dart slug!
You kill the dart slug!
No target in view!
A rat comes into view.
A rat is nearby!
A rat is nearby!
A rat is nearby!
You shoot a bolt. The bolt hits the rat.
The rat is heavily wounded.
You shoot a bolt. The bolt closely misses the rat.
You shoot a bolt. The bolt barely misses the rat.
You shoot a bolt. The bolt hits the rat!
You kill the rat!
No target in view!
d - 27 bolts (gained 1)
You see here a rat corpse.
A kobold comes into view.
A kobold is nearby!
A kobold is nearby!
You shoot a bolt. The bolt hits the kobold.
The kobold shouts!
The kobold is severely wounded.
A kobold comes into view. It is wielding a +0 short sword.
You shoot a bolt.
The bolt hits the kobold but does no damage.
The kobold is severely wounded.
You shoot a bolt.
The bolt hits the kobold but does no damage.
The kobold is severely wounded.
The kobold barely misses you.
You shoot a bolt. The bolt closely misses the kobold.
The bolt completely misses the kobold.
The kobold hits you. The kobold closely misses you.
You shoot a bolt. The bolt misses the kobold.
The kobold barely misses you.
The kobold hits you with a +0 short sword.
The kobold hits you.
Fire: 22 bolts
Press: ? - help, Q - select action, (/) - cycle Shift-Dir - straight line, f/p - kobold
Aim: a kobold (heavily wounded)
You shoot a bolt. The bolt barely misses the kobold.
The bolt hits the kobold but does no damage.
The kobold misses you.
Fire: 21 bolts
Press: ? - help, Q - select action, (/) - cycle Shift-Dir - straight line, f/p - kobold
Aim: a kobold (heavily wounded)
You shoot a bolt. The bolt hits the kobold!
You kill the kobold!
Fire: 20 bolts
Press: ? - help, Q - select action, (/) - cycle Shift-Dir - straight line, f - kobold
Aim: a kobold, wielding a +0 short sword You shoot a bolt.
The bolt completely misses the kobold.
The kobold hits you with a +0 short sword. x2
* * * LOW HITPOINT WARNING * * *
Fire: 19 bolts
Press: ? - help, Q - select action, (/) - cycle Shift-Dir - straight line, f/p - kobold
Aim: a kobold, wielding a +0 short sword You shoot a bolt.
The bolt barely misses the kobold.
The kobold hits you but does no damage.
Fire: 18 bolts
Press: ? - help, Q - select action, (/) - cycle Shift-Dir - straight line, f/p - kobold
Aim: a kobold, wielding a +0 short sword You shoot a bolt.
The bolt hits the kobold.
The kobold is moderately wounded.
The kobold hits you with a +0 short sword.
You die...

#..#......).##.....
#..#(...†..(...# #
#...........(.##
#..#.#...#...(.####
#..#.....#..(#.....
#...........!..####
#...#######..(.....
##..# #K#.####.
#..# #@#.# #>.#
#........ #..#
#........ #..#
#.#.#####
#..#######.....
##.........####
###.#....##
#.#.#.## #)#.#.#


You could see a kobold.

Vanquished Creatures
  A dart slug (D:1)
  A bat (D:1)
  A giant cockroach (D:1)
  2 goblins (D:1)
  A hobgoblin (D:1)
  A kobold (D:1)
  A frilled lizard (D:1)
  2 rats (D:1)
10 creatures vanquished.

Notes
Turn   | Place    | Note
-------+----------+-------------------------------------------
     0 | D:1      | EnegeticOcto the Vine Stalker Arcane Marksman began the
                  | quest for the Orb.
     0 | D:1      | Reached XP level 1. HP: 9/9 MP: 3/3
    62 | D:1      | Reached skill level 2 in Crossbows
   112 | D:1      | Reached XP level 2. HP: 14/14 MP: 4/4
   142 | D:1      | Slain by a kobold

Illustrated notes

Levels and vault maps discovered:
D:1:      onia_arrival_pyramid, layout_loops_ring, patterned_corridor

Skill      XL: |  1 |
---------------+----+-----
Crossbows      | 2 |  2.6
Fighting       | |  0.8
Dodging        | |  1.5
Spellcasting   | |  1.1
Hexes          | |  3.0

Action                   || total
-------------------------++-------
 Fire: Hand crossbow     ||    26
Armor: Robe              ||     5
Dodge: Dodged            ||     8
